 Dungeon Crawl Stone Soup version 0.23-a0-171-g5ae17c6e89 (webtiles) character file.

434 PikkenKukken the Chopper (level 6, -8/57 HPs)
             Began as a Deep Dwarf Fighter on Sept 14, 2018.
             Was an Initiate of Makhleb.
             Mangled by an ice beast (9 damage)
             ... on level 6 of the Dungeon.
             The game lasted 00:05:17 (2867 turns).

PikkenKukken the Chopper (Deep Dwarf Fighter)       Turns: 2867, Time: 00:05:18

Health: -8/57      AC: 12    Str: 27    XL:     6   Next: 68%
Magic:  4/4        EV:  5    Int: 13    God:    Makhleb [......]
Gold:   286        SH: 10    Dex: 12    Spells: 5/5 levels left

rFire    . . .     SeeInvis .   a - +1 war axe
rCold    . . .     Gourm    .   c - +0 shield
rNeg     . . .     Faith    .   n - +0 plate armour
rPois    .         Spirit   .   (no helmet)
rElec    .         Reflect  .   (no cloak)
rCorr    .         Harm     .   (no gloves)
MR       .....                  (no boots)
Stlth    ..........             e - amulet of inaccuracy (curse)
HPRegen  0.00/turn              g - +5 ring of intelligence
MPRegen  0.09/turn              (no ring)

@: mighty, lethally poisoned (-8 -> -25), non-regenerating
A: damage resistance, heal wounds, sense surroundings 1, no regeneration
a: Heal Wounds, Renounce Religion


You were on level 6 of the Dungeon.
You worshipped Makhleb.
Makhleb was noncommittal.
You were not hungry.

You visited 2 branches of the dungeon, and saw 6 of its levels.

You collected 286 gold pieces.

Inventory:

Hand Weapons
 a - a +1 war axe (weapon)
Armour
 b - a +0 scale mail
 c - a +0 shield (worn)
 n - a +0 plate armour (worn)
Jewellery
 e - a cursed amulet of inaccuracy (around neck)
 g - a +5 ring of intelligence (left hand)
Wands
 i - a wand of digging (14)
Scrolls
 h - a scroll of magic mapping
 j - 2 scrolls of enchant weapon
 k - a scroll of fog
Potions
 l - a potion of magic
 o - 3 potions of brilliance
 p - a potion of curing
Comestibles
 f - 13 rations


   Skills:
 + Level 4.1 Fighting
 * Level 5.8 Axes
 + Level 5.0 Armour
 - Level 3.2 Shields


You had 5 spell levels left.
You didn't know any spells.
Your spell library was empty.

Dungeon Overview and Level Annotations

Branches:
Dungeon (4/15)             Temple (1/1) D:4

Altars:
Ashenzari
Cheibriados
Dithmenos
Elyvilon
Gozag
Hepliaklqana
Makhleb
Nemelex Xobeh
Sif Muna
Trog
Vehumet
Xom
Zin

Annotations:
D:6 2 runed doors, Shinnjin's ghost, novice HOFi


Innate Abilities, Weirdness & Mutations

You are resistant to damage.
You can heal yourself by infusing magical energy.
You passively map a small area around you.
You do not regenerate.


Message History

You kill the orc wizard!
Makhleb accepts your kill.
Your Armour skill increases to level 5!
You miss the orc wizard. You slash the orc!
You kill the orc!
Makhleb accepts your kill.
* * * LOW HITPOINT WARNING * * *
You feel very sick. The orc wizard casts a spell at you.
The puff of frost hits you! The ice beast barely misses you.
Your shield and plate armour prevent you from hitting the ice beast.
The ice beast is heavily wounded.
You slash the orc wizard!
You kill the orc wizard!
Makhleb accepts your kill.
* * * LOW HITPOINT WARNING * * *
You feel very sick. You block the ice beast's attack. The ice beast hits you.
The ice beast freezes you!
You die...

##...# , , ,, *#...# , ,
, , , #...#,, , , ,
,#...# , #...#, , * #...#
, #...# , #...#, #...#, ,
,, , , #...# , ,#...# ,
#..Y####+##...##########
#....#........Y@)......#
,#....#.........†)......#
#....'.................#
#######..##...##########
, * , #..##...# ,, ,,
,W#..###### ,,, ,, **≈
8.#... , , (...+...#, , ,
, *.§#.+...# , ,, ,


You could see an ice beast.

Vanquished Creatures
  An ogre (D:4)
  An orc priest (D:4)
  2 orc wizards (D:6)
  An iguana (D:3)
  2 worker ants (D:4)
  4 adders
  7 gnolls (D:4)
  2 oozes
  2 worms
  A dart slug (D:3)
  2 leopard geckos
  15 orcs
  4 bats
  3 giant cockroaches
  9 goblins
  2 hobgoblins
  2 jackals (D:6)
  6 frilled lizards
  6 kobolds
  A leopard gecko skeleton (D:4)
  5 rats
78 creatures vanquished.

Notes
Turn   | Place    | Note
-------+----------+-------------------------------------------
     0 | D:1      | PikkenKukken the Deep Dwarf Fighter began the quest for the
                  | Orb.
     0 | D:1      | Reached XP level 1. HP: 20/20 MP: 1/1
   233 | D:1      | Reached XP level 2. HP: 22/27 MP: 2/2
   684 | D:2      | Reached XP level 3. HP: 26/34 MP: 3/3
  1420 | D:3      | Reached XP level 4. HP: 14/42 MP: 4/4
  2026 | D:4      | Reached XP level 5. HP: 30/49 MP: 5/5
  2174 | D:4      | Noticed an ogre
  2184 | D:4      | Killed an ogre
  2184 | D:4      | Reached skill level 5 in Axes
  2314 | D:4      | Reached XP level 6. HP: 41/57 MP: 5/5
  2461 | D:4      | Found a snail-covered altar of Cheibriados.
  2575 | D:4      | Found a staircase to the Ecumenical Temple.
  2585 | Temple   | Entered the Ecumenical Temple
  2687 | Temple   | Became a worshipper of Makhleb the Destroyer
  2770 | D:4      | You fall through a shaft for 2 floors!
  2820 | D:6      | Noticed an ice beast
  2848 | D:6      | Found a large runed door.
  2848 | D:6      | Found a large runed door.
  2850 | D:6      | Noticed Shinnjin's ghost (novice HOFi)
  2866 | D:6      | Reached skill level 5 in Armour
  2867 | D:6      | HP: 1/57 [poisoned by an orc wizard]
  2867 | D:6      | Mangled by an ice beast

Vault maps used:
D:1:      onia_arrival_mini_spirals
D:2:      first_ration, minmay_tetromino_o2
D:3:      minivault_23
D:4:      minmay_temple_entry_statues_fountains, chei_slow_surprise
D:6:      ebering_ghost_disaster_area
Temple:   roderic_octagonal_lattice_temple

Skill      XL: |  1  2  3  4  5  6 |
---------------+-------------------+-----
Axes           | 3 4 5 |  5.8
Fighting       | 3 4 |  4.1
Armour         | 4 5 |  5.0
Shields        | |  3.2

Action                   |  1- 3 |  4- 6 || total
-------------------------+-------+-------++-------
Melee: War axe           |   179 |   205 ||   384
 Abil: Heal Wounds       |       |     6 ||     6
  Use: Scroll            |     9 |     3 ||    12
       Potion            |     1 |     3 ||     4
  Eat: Chunk             |     2 |     5 ||     7
Armor: Scale mail        |    99 |    55 ||   154
       Plate armour      |       |    25 ||    25
Dodge: Dodged            |    83 |    49 ||   132
Block: Shield            |   121 |   114 ||   235

Table legend:
 A = Non-vault XP
 B = Vault XP
 C = Vault XP percentage of total XP
 D = Non-vault monster count
 E = Vault monster count
 F = Vault count percentage of total count
                 A         B        C        D         E       F
            +---------+---------+-------+---------+---------+-------
      Total |     614 |       7 |   1.1 |      76 |       2 |   2.6
            +---------+---------+-------+---------+---------+-------
        D:1 |      18 |       0 |   0.0 |      11 |       0 |   0.0
        D:2 |      52 |       2 |   3.7 |      16 |       1 |   5.9
        D:3 |     105 |       0 |   0.0 |      20 |       0 |   0.0
        D:4 |     376 |       5 |   1.3 |      24 |       1 |   4.0
        D:6 |      63 |       0 |   0.0 |       5 |       0 |   0.0
            +---------+---------+-------+---------+---------+-------
